 Dungeon Crawl Stone Soup version 0.30-a0-165-g1891117ce2 (webtiles) character file.

Game seed: 14067189052172449694

66 ragingrage the Sneak (level 4, -2/26 HPs)
             Began as a Kobold Brigand on Sept 28, 2022.
             Slain by a gnoll
             ... wielding a +0 spear
              (7 damage)
             ... on level 2 of the Dungeon.
             The game lasted 00:01:03 (1212 turns).

ragingrage the Sneak (Kobold Brigand)               Turns: 1212, Time: 00:01:04

Health: -2/26      AC:  5    Str:  8    XL:     4   Next: 37%
Magic:  4/4        EV: 14    Int: 12    God:
Gold:   94         SH:  0    Dex: 18    Spells: 3/3 levels left

rFire   . . .      SeeInvis .    l - +0 short sword (elec)
rCold   . . .      Faith    .    (no shield)
rNeg    . . .      Spirit   .    b - +0 robe
rPois   .          Reflect  .    (no helmet)
rElec   .          Harm     .    c - +0 cloak
rCorr   .          Rampage  .    (no gloves)
Will    .....                    p - +1 pair of boots
Stlth   ++++......               (no amulet)
HPRegen 0.08/turn                (no ring)
MPRegen 0.09/turn                (no ring)

@: no status effects
A: small, no large weapons, nightstalker 3
a: no special abilities


You were on level 2 of the Dungeon.
You visited 1 branch of the dungeon, and saw 2 of its levels.

You collected 94 gold pieces.

Inventory:

Hand Weapons
 a - a +2 dagger
 l - a +0 short sword of electrocution (weapon)
Missiles
 d - 9 poisoned darts
 e - 3 curare-tipped darts (quivered)
Armour
 b - a +0 robe (worn)
 c - a +0 cloak (worn)
 p - a +1 pair of boots (worn)
Wands
 o - a wand of roots (5)
Scrolls
 g - a scroll of teleportation {unknown}
 h - a scroll of enchant weapon {unknown}
 j - 3 scrolls of identify {unknown}
 m - a scroll of fear {unknown}
 r - a scroll of fog {unknown}
 s - 3 scrolls of brand weapon {unknown}
Potions
 f - a potion of curing {unknown}
 i - a potion of magic {unknown}
 k - a potion of lignification {unknown}
 n - a potion of flight {unknown}
 q - a potion of attraction {unknown}


   Skills:
 - Level 2.1 Fighting
 + Level 3.9 Short Blades
 + Level 3.2 Throwing
 - Level 1.2 Dodging
 + Level 6.2 Stealth


You had 3 spell levels left.
You didn't know any spells.
Your spell library was empty.

Dungeon Overview and Level Annotations

Branches:
Dungeon (2/15)

Altars:

Shops:
D:2 (


Innate Abilities, Weirdness & Mutations

You are small and have problems with some larger weapons.
You are completely attuned to the shadows.


Message History

No target in view!
j - 3 scrolls labelled VALLEECRESK (gained 1)
You open the door.
There is an open door here.
There is an entrance to Ugeq Heu's Antique Weapon Shop here.
There are no items here.
You can access your shopping list by pressing '$'.
There is an open door here.
A ball python comes into view.
A ball python is nearby!
A ball python is nearby!
The helpless ball python fails to defend itself.
You impale the ball python!!
You kill the ball python!
No target in view!
A gnoll comes into view. It is wielding a +0 club.
A gnoll is nearby!
A gnoll comes into view. It is wielding a +0 whip.
The helpless gnoll fails to defend itself.
You impale the gnoll!!
You kill the gnoll!
A gnoll comes into view. It is wielding a +0 spear.
The gnoll hits you from afar with a +0 spear.
The gnoll shouts!
You closely miss the gnoll.
You hear a shout!
A gnoll comes into view. It is wielding a +0 club.
The gnoll hits you but does no damage.
The gnoll hits you from afar with a +0 spear.
You barely miss the gnoll.
The gnoll hits you but does no damage. x2
You closely miss the gnoll.
The gnoll hits you from afar with a +0 spear.
The gnoll hits you with a +0 whip.
You hit the gnoll but do no damage. You barely miss the gnoll.
The gnoll hits you with a +0 whip.
The gnoll hits you from afar with a +0 spear.
You completely miss the gnoll. The gnoll hits you with a +0 whip.
* * * LOW HITPOINT WARNING * * *
The gnoll hits you from afar with a +0 spear!
You die...

######## .....#..
...........
#.......... ###
#.......... .g#
#..........
#g######..........
#g#...............
#@#.#####.........
####.#.#
##.....#..
...).#.# #########
.....#.# .......#
......## ....#.#
### ....#.# ##..
## #.# ##..#


You could see 3 gnolls.

Vanquished Creatures
  Jessica (D:2)
  A gnoll (D:2)
  A dart slug (D:1)
  A bat (D:1)
  2 giant cockroaches (D:2)
  5 goblins
  4 hobgoblins
  3 quokkas
  4 ball pythons
  3 kobolds
  2 rats (D:1)
27 creatures vanquished.

Notes
Turn   | Place    | Note
-------+----------+-------------------------------------------
     0 | D:1      | ragingrage the Kobold Brigand began the quest for the Orb.
     0 | D:1      | Reached XP level 1. HP: 12/12 MP: 1/1
   211 | D:1      | Found a faded altar of an unknown god.
   225 | D:1      | Reached XP level 2. HP: 17/17 MP: 2/2
   853 | D:2      | Reached XP level 3. HP: 21/21 MP: 3/3
   853 | D:2      | Noticed Jessica
   856 | D:2      | Killed Jessica
   857 | D:2      | Reached skill level 6 in Stealth
   880 | D:2      | Reached XP level 4. HP: 26/26 MP: 4/4
  1133 | D:2      | Found Ugeq Heu's Antique Weapon Shop.
  1212 | D:2      | Slain by a gnoll

Illustrated notes

Levels and vault maps discovered:
D:1:      mrwooster_arrival_statue_2, layout_loops_ring,
          shapermc_ecumenical_altar_mp_urbaneastern, minmay_misc_feat_cross
D:2:      layout_rooms, serial_shops, nicolae_shop_window_shopping,
          uniq_jessica, uniq_natasha

Skill      XL: |  1  2  3 |
---------------+----------+-----
Short Blades   | 3 |  3.9
Throwing       | 3 |  3.2
Stealth        | 6 |  6.2
Fighting       | |  2.1
Dodging        | |  1.2

Action                   |  1- 3 |  4- 6 || total
-------------------------+-------+-------++-------
Melee: Dagger            |    21 |       ||    21
       Short sword       |    18 |    18 ||    36
Throw: Dart              |     1 |       ||     1
 Stab: Sleeping          |    11 |     5 ||    16
Armor: Robe              |     4 |     4 ||     8
Dodge: Dodged            |    13 |     3 ||    16

Table legend: (Time is in decaauts)
 A = Elapsed time spent in this place.
 B = Non-inter-level travel time spent in this place.
 C = Inter-level travel time spent in this place.
 D = Time resting spent in this place.
 E = Time spent auto-exploring this place.
 F = Levels seen in this place.
 G = Mean time per level.
                   A        B        C        D        E       F      G
               +--------+--------+--------+--------+--------+-----+--------+
         Total |   1201 |   1164 |     37 |      0 |    986 |   2 |  600.5 |
       Dungeon |   1201 |   1164 |     37 |      0 |    986 |   2 |  600.5 |
               +--------+--------+--------+--------+--------+-----+--------+

Top non-repeatable levels by time:
     D:1: 725 daAuts
     D:2: 476 daAuts
